 Dungeon Crawl Stone Soup version 0.24.0-123-gd5b16e6ec5 (webtiles) character file.

Game seed: 7075872327456408810, levelgen mode: deterministic

163 Gildeon the Cudgeler (level 5, -14/32 HPs)
             Began as a Gargoyle Fighter on Dec 19, 2019.
             Was an Initiate of Nemelex Xobeh.
             Engulfed by Ijyb's flame (20 damage)
             ... on level 3 of the Dungeon.
             The game lasted 00:04:25 (1645 turns).

Gildeon the Cudgeler (Gargoyle Fighter)             Turns: 1645, Time: 00:04:25

Health: -14/32     AC: 12    Str: 25    XL:     5   Next: 44%
Magic:  5/5        EV:  7    Int:  9    God:    Nemelex Xobeh [......]
Gold:   97         SH:  9    Dex:  9    Spells: 4/4 levels left

rFire    . . .     SeeInvis .   a - +0 flail
rCold    . . .     Gourm    .   c - +0 shield
rNeg     + . .     Faith    .   b - +0 scale mail
rPois    ∞         Spirit   .   (no helmet)
rElec    +         Reflect  .   (no cloak)
rCorr    .         Harm     .   m - +0 pair of gloves
MR       .....                  (no boots)
Stlth    +.........             (no amulet)
HPRegen  0.10/turn              g - ring of stealth (curse)
MPRegen  0.09/turn              (no ring)

@: mighty
A: negative energy resistance 1, electricity resistance, unbreathing,
petrification resistance, rot immunity, AC +4
a: Draw Escape, Draw Destruction, Draw Summoning, Renounce Religion


You were on level 3 of the Dungeon.
You worshipped Nemelex Xobeh.
Nemelex Xobeh was noncommittal.
You were not hungry.

You visited 1 branch of the dungeon, and saw 3 of its levels.

You collected 97 gold pieces.

Inventory:

Hand Weapons
 a - a +0 flail (weapon)
Armour
 b - a +0 scale mail (worn)
 c - a +0 shield (worn)
 m - a +0 pair of gloves (worn)
Jewellery
 g - a cursed ring of stealth (left hand)
Scrolls
 h - 2 scrolls of remove curse {unknown}
 i - a scroll of magic mapping {unknown}
 k - a scroll of noise {unknown}
 l - 2 scrolls of identify {unknown}
 o - 2 scrolls of teleportation {unknown}
 p - a scroll of enchant armour {unknown}
Potions
 e - 3 potions of agility {unknown}
 n - a potion of brilliance {unknown}
 q - a potion of berserk rage {unknown}
 r - 2 potions of heal wounds {unknown}
Comestibles
 f - 8 rations
 j - 13 chunks of flesh


   Skills:
 - Level 3.2 Fighting
 + Level 5.5 Maces & Flails
 - Level 3.2 Armour
 - Level 3.2 Shields


You had 4 spell levels left.
You didn't know any spells.
Your spell library was empty.

Dungeon Overview and Level Annotations

Branches:
Dungeon (3/15)

Altars:
Hepliaklqana
Nemelex Xobeh

Annotations:
D:3 Ijyb


Innate Abilities, Weirdness & Mutations

You are resistant to torment.
Your stone body is resilient. (AC +4)
You are immune to poison.
You resist negative energy. (rN+)
You are resistant to electric shocks. (rElec)
You can survive without breathing.
You are immune to petrification.
You are immune to rotting.


Message History

You block Ijyb's attack.
Your shield and scale mail prevent you from hitting Ijyb.
Ijyb is lightly wounded.
You block Ijyb's attack.
You feel very mighty all of a sudden. You block Ijyb's attack.
You hit Ijyb.
Ijyb is lightly wounded.
Ijyb hits you but does no damage.
You sock Ijyb!
Ijyb is heavily wounded.
Ijyb zaps a wand.
Ijyb creates a blast of flame!
The kobold is engulfed in poison gas.
The kobold is poisoned.
The kobold dies!
You closely miss Ijyb.
Ijyb is heavily wounded.
You are engulfed in blazing flames.
Ouch! That really hurt!
You die...
Your body disappears without a glow.

###.(####.# ###.##.# #
##(..##.# #....#.### #
#......######.#.......
#
##..........#§#.......
# #..........#§#.......
#.......§..#§#..§....
#........§☼§☼!§§§!...
#.......§§§§g§§§§....
#.......§§.§@.§§§....
....._....§☼§##########
##############


You could see Ijyb.

Vanquished Creatures
  A crimson imp (D:2)
  5 adders (D:2)
  An adder zombie (D:2)
  4 worms
  4 leopard geckos
  9 bats
  5 giant cockroaches
  5 goblins
  7 hobgoblins
  7 jackals
  2 frilled lizards (D:1)
  6 kobolds
  6 rats
62 creatures vanquished.

Vanquished Creatures (others)
  A kobold (D:3)
  A bat (D:3)
2 creatures vanquished.

Grand Total: 64 creatures vanquished

Notes
Turn   | Place    | Note
-------+----------+-------------------------------------------
     0 | D:1      | Gildeon the Gargoyle Fighter began the quest for the Orb.
     0 | D:1      | Reached XP level 1. HP: 14/14 MP: 1/1
   269 | D:1      | Reached XP level 2. HP: 17/19 MP: 2/2
   374 | D:1      | Reached skill level 3 in Maces & Flails
   731 | D:2      | Reached XP level 3. HP: 23/23 MP: 3/3
   853 | D:2      | Reached skill level 4 in Maces & Flails
   866 | D:2      | Reached XP level 4. HP: 25/28 MP: 4/4
  1062 | D:2      | Reached skill level 5 in Maces & Flails
  1065 | D:2      | Reached XP level 5. HP: 23/32 MP: 5/5
  1150 | D:2      | Found a sparkling altar of Nemelex Xobeh.
  1165 | D:2      | Became a worshipper of Nemelex Xobeh the Trickster
  1282 | D:2      | Received a gift from Nemelex Xobeh
  1595 | D:3      | Found a hazy altar of Hepliaklqana.
  1632 | D:3      | Noticed Ijyb
  1645 | D:3      | Engulfed by Ijyb's flame

Levels and vault maps discovered:
D:1:      scummos_arrival_simple_crosswalls, layout_loops_ring,
          hangedman_abyss_or_decor_lesser_grid
D:2:      layout_rooms, nemelex_xobeh_ov_fountains_minmay, serial_forest,
          infiniplex_forest_lined_room_, infiniplex_forest_clump_small,
          infiniplex_forest_zigzag_1, infiniplex_forest_lined_2,
          infiniplex_forest_straight_5, minmay_nonomino_d4
D:3:      cheibrodos_fertilizer, layout_rooms,
          grunt_dithmenos_smoke_and_mirrors, overflow_temple_1_default, tgw_xom,
          uniq_ijyb

Skill      XL: |  1  2  3  4 |
---------------+-------------+-----
Maces & Flails | 3 4 5 |  5.5
Fighting       | |  3.2
Armour         | |  3.2
Shields        | |  3.2

Action                   |  1- 3 |  4- 6 || total
-------------------------+-------+-------++-------
Melee: Flail             |   114 |   145 ||   259
  Use: Potion            |       |     1 ||     1
  Eat: Chunk             |       |     3 ||     3
Armor: Scale mail        |    73 |   132 ||   205
Dodge: Dodged            |    37 |    57 ||    94
Block: Shield            |    58 |   113 ||   171
